 Dungeon Sprint DCSS version 0.31-a0-152-g6aa68a64a1 (webtiles) character file.

Game seed: 13540363239103673387

268 zazu2006 the Covert (level 6, -6/51 HPs)
             Began as a Gnoll Wanderer on June 10, 2023.
             Splashed by a jelly's acid (9 damage)
             ... in the Dungeon (Sprint I: "Red Sonja").
             The game lasted 00:01:18 (226 turns).

zazu2006 the Covert (Gnoll Wanderer)                 Turns: 226, Time: 00:01:19

Health: -6/51      AC: -7    Str: 10    XL:     6   Next: 21%
Magic:  12/12      EV: 14    Int: 11    God:
Gold:   162        SH:  0    Dex: 15    Spells: 13/13 levels left

rFire   . . .        a - +2 dagger
rCold   . . .        (no shield)
rNeg    . . .        f - +0 leather armour
rPois   .            (no helmet)
rElec   .            (no cloak)
rCorr   .            (no gloves)
SInv    .            d - +0 pair of boots
Will    .....        (no amulet)
Stlth   ++++         (no ring)
HPRegen 0.28/turn    (no ring)
MPRegen 0.13/turn

%: no teleportation
@: corroded
A: fangs 1, strong nose, distributed training
a: no special abilities


You were in the Dungeon.
You visited 1 branch You collected 162 gold pieces.

Inventory:

Hand Weapons
 a - a +2 dagger (weapon)
 n - a +0 scythe
Armour
 d - a +0 pair of boots (worn)
 f - a +0 leather armour (worn)
Wands
 m - a wand of polymorph (10)
Scrolls
 b - a scroll of fear
 c - a scroll of fog
 l - a scroll of blinking
Potions
 e - a potion of attraction
 g - a potion of curing
 h - a potion of heal wounds
 i - a potion of haste
 j - 2 potions of magic
 k - a potion of berserk rage


   Skills:
 + Level 5.2 Fighting
 + Level 4.4 Short Blades
 + Level 4.4 Long Blades
 + Level 4.4 Axes
 + Level 4.4 Maces & Flails
 + Level 4.4 Polearms
 + Level 4.4 Staves
 + Level 4.4 Ranged Weapons
 + Level 5.2 Throwing
 + Level 4.4 Armour
 + Level 6.4 Dodging
 + Level 10.6 Stealth
 + Level 4.4 Shields
 + Level 5.2 Unarmed Combat
 + Level 4.4 Spellcasting
 + Level 3.6 Conjurations
 + Level 3.6 Hexes
 + Level 3.6 Summonings
 + Level 3.6 Necromancy
 + Level 3.6 Translocations
 + Level 3.6 Transmutations
 + Level 3.6 Fire Magic
 + Level 3.6 Ice Magic
 + Level 3.6 Air Magic
 + Level 3.6 Earth Magic
 + Level 3.6 Poison Magic
 + Level 4.9 Invocations
 + Level 4.4 Evocations


You had 13 spell levels left.
You didn't know any spells.
Your spell library was empty.

Dungeon Overview and Level Annotations

Branches:
Dungeon (1/1)

Altars:
Sif Muna
Vehumet
Wu Jian


Innate Abilities, Weirdness & Mutations

You have very sharp teeth.
Your uncanny sense of smell can sniff out nearby items.
Your experience applies equally to all skills.


Message History

You see here 13 gold pieces.
You see here 12 gold pieces.
Reach: n) +0 scythe
Press: ? - help, Dir - move target, f - jelly
Aim: a jelly (asleep, about 2% to evade your +0 scythe)
You reach to attack!
The helpless jelly fails to defend itself.
You hit the jelly.
The jelly is moderately wounded.
Unknown command.
a - a +2 dagger (weapon)
You hit the jelly.
Your hands burn!
The jelly is heavily wounded.
The jelly hits you.
You are splashed with acid!
You hit the jelly but do no damage. The acid corrodes you!
Your hands burn!
The jelly is heavily wounded.
The jelly barely misses you.
You hit the jelly.
Your hands burn!
The jelly is heavily wounded.
The jelly misses you.
You hit the jelly.
Your hands burn!
You bite the jelly, but do no damage.
The jelly is heavily wounded.
The jelly hits you.
You are splashed with acid!
You hit the jelly but do no damage.
Your hands burn!
The jelly is heavily wounded.
You hit the jelly. The acid corrodes you!
Your hands burn!
You bite the jelly, but do no damage.
The jelly is severely wounded.
The jelly hits you.
* * * LOW HITPOINT WARNING * * *
The acid corrodes you!
You are splashed with acid!
* * * LOW HITPOINT WARNING * * *
Okay, then.
Okay, then.
You see here 12 gold pieces.
Okay, then.
The jelly attacks as you move away! The jelly hits you.
* * * LOW HITPOINT WARNING * * *
You are splashed with acid!
You die...

################
#<.#.)').#.['..#
∆∆
#..'..#..'..#..+
∆∆
#..#####'#####'#
#..# #..#∆∆∆#$#
∆∆ #..#
####∆∆##@# #..#
#_J+ #⌠⌠# +..._#
#### #_.#+# ∆∆
##+ ∆ ∆∆∆∆ ∆ ∆ ∆
∆∆ ∆∆ ∆ ∆ ∆


You could see a jelly.

Vanquished Creatures
  Sigmund (D)
  An ogre (D)
  Ijyb (D)
3 creatures vanquished.

Notes
Turn   | Place    | Note
-------+----------+-------------------------------------------
     0 | D        | Reached skill level 9 in Stealth
     0 | D        | zazu2006 the Gnoll Wanderer began the quest for the Orb.
     0 | D        | zazu2006 set off with the following items: a +2 dagger, a
                  | scroll of fear, a scroll of fog, a +0 pair of boots, a
                  | potion of attraction, a +0 leather armour, a potion of
                  | curing, a potion of heal wounds, a potion of haste, 2
                  | potions of magic, a potion of berserk rage, a scroll of
                  | blinking.
     0 | D        | Reached XP level 1. HP: 17/17 MP: 1/1
     2 | D        | Noticed Ijyb
     4 | D        | Killed Ijyb
     5 | D        | Reached skill level 1 in Short Blades
     5 | D        | Reached skill level 1 in Long Blades
     5 | D        | Reached skill level 1 in Axes
     5 | D        | Reached skill level 1 in Maces & Flails
     5 | D        | Reached skill level 1 in Polearms
     5 | D        | Reached skill level 1 in Staves
     5 | D        | Reached skill level 1 in Ranged Weapons
     5 | D        | Reached skill level 1 in Armour
     5 | D        | Reached skill level 1 in Shields
     5 | D        | Reached skill level 1 in Spellcasting
     5 | D        | Reached skill level 1 in Conjurations
     5 | D        | Reached skill level 1 in Hexes
     5 | D        | Reached skill level 1 in Summonings
     5 | D        | Reached skill level 1 in Necromancy
     5 | D        | Reached skill level 1 in Translocations
     5 | D        | Reached skill level 1 in Transmutations
     5 | D        | Reached skill level 1 in Fire Magic
     5 | D        | Reached skill level 1 in Ice Magic
     5 | D        | Reached skill level 1 in Air Magic
     5 | D        | Reached skill level 1 in Earth Magic
     5 | D        | Reached skill level 1 in Poison Magic
     5 | D        | Reached skill level 1 in Evocations
     5 | D        | Reached XP level 2. HP: 24/24 MP: 1/4
     5 | D        | Reached XP level 3. HP: 29/29 MP: 1/5
    51 | D        | Noticed an ogre
    70 | D        | Killed an ogre
    71 | D        | Reached skill level 5 in Dodging
    71 | D        | Reached skill level 10 in Stealth
    71 | D        | Reached XP level 4. HP: 9/37 MP: 5/8
   176 | D        | Noticed Sigmund
   179 | D        | Killed Sigmund
   180 | D        | Reached skill level 5 in Fighting
   180 | D        | Reached skill level 5 in Throwing
   180 | D        | Reached skill level 5 in Unarmed Combat
   180 | D        | Reached XP level 5. HP: 44/44 MP: 8/11
   180 | D        | Reached XP level 6. HP: 51/51 MP: 8/12
   209 | D        | Found an ornate altar of the Wu Jian Council.
   209 | D        | Found a shimmering blue altar of Sif Muna.
   214 | D        | Found a radiant altar of Vehumet.
   226 | D        | Splashed by a jelly's acid

Illustrated notes

Levels and vault maps discovered:
D:        dungeon_sprint_1 [red_sonja_temple_1, red_sonja_temple_small_1]

Skill      XL: |  1  2  3  4 |
---------------+-------------+-----
Stealth        | 10 | 10.6
Fighting       | 3 4 5 |  5.2
Short Blades   | 1 3 4 |  4.4
Long Blades    | 1 3 4 |  4.4
Axes           | 1 3 4 |  4.4
Maces & Flails | 1 3 4 |  4.4
Polearms       | 1 3 4 |  4.4
Staves         | 1 3 4 |  4.4
Ranged Weapons | 1 3 4 |  4.4
Throwing       | 3 4 5 |  5.2
Armour         | 1 3 4 |  4.4
Shields        | 1 3 4 |  4.4
Unarmed Combat | 3 4 5 |  5.2
Spellcasting   | 1 3 4 |  4.4
Conjurations   | 1 2 3 |  3.6
Hexes          | 1 2 3 |  3.6
Summonings     | 1 2 3 |  3.6
Necromancy     | 1 2 3 |  3.6
Translocations | 1 2 3 |  3.6
Transmutations | 1 2 3 |  3.6
Fire Magic     | 1 2 3 |  3.6
Ice Magic      | 1 2 3 |  3.6
Air Magic      | 1 2 3 |  3.6
Earth Magic    | 1 2 3 |  3.6
Poison Magic   | 1 2 3 |  3.6
Invocations    | 2 3 4 |  4.9
Evocations     | 1 3 4 |  4.4
Dodging        | 5 6 |  6.4

Action                     |  1- 3 |  4- 6 || total
---------------------------+-------+-------++-------
  Melee: Dagger            |    17 |     7 ||    24
         Bite              |     2 |     2 ||     4
         Punch             |     2 |       ||     2
         Halberd           |       |     1 ||     1
  Evoke: Wand              |     1 |       ||     1
   Stab: Sleeping          |     1 |     2 ||     3
 Armour: Leather armour    |     1 |       ||     1
  Dodge: Dodged            |     8 |     2 ||    10

Table legend: (Time is in decaauts)
 A = Elapsed time spent in this place.
 B = Non-inter-level travel time spent in this place.
 C = Inter-level travel time spent in this place.
 D = Time resting spent in this place.
 E = Time spent auto-exploring this place.
 F = Levels seen in this place.
 G = Mean time per level.
                   A        B        C        D        E       F      G
               +--------+--------+--------+--------+--------+-----+--------+
         Total |    222 |    222 |      0 |    145 |      0 |   1 |  222.0 |
       Dungeon |    222 |    222 |      0 |    145 |      0 |   1 |  222.0 |
               +--------+--------+--------+--------+--------+-----+--------+

Top non-repeatable levels by time:
       D: 222 daAuts
